 Dungeon Crawl Stone Soup version 0.25-a0-489-g9ae84a01e3 (webtiles) character file.

Game seed: 2620961914067359554, levelgen mode: deterministic

45 Forecaster the Magician (level 3, -3/28 HPs)
             Began as a Naga Wizard on Feb 11, 2020.
             Slain by an iguana (12 damage)
             ... on level 2 of the Dungeon.
             The game lasted 00:19:09 (1057 turns).

Forecaster the Magician (Naga Wizard)               Turns: 1057, Time: 00:19:10

Health: -3/28      AC:  5    Str:  9    XL:     3   Next: 64%
Magic:  1/8        EV: 10    Int: 19    God:
Gold:   49         SH:  0    Dex:  9    Spells: 4/9 levels left

rFire    . . .     SeeInvis +   c - +0 dagger
rCold    . . .     Gourm    .   (no shield)
rNeg     . . .     Faith    .   v - +0 robe
rPois    +         Spirit   .   b - +0 hat
rElec    .         Reflect  .   (no cloak)
rCorr    .         Harm     .   (no gloves)
MR       .....                  (no barding)
Stlth    ++........             (no amulet)
HPRegen  0.09/turn              g - +3 ring of protection
MPRegen  0.11/turn              w - ring of wizardry

@: very slightly contaminated, very slow
A: large, see invisible, deformed body, poison resistance, slowness 2, slow
metabolism 1, spit poison 1, AC +1
a: Spit Poison


You were on level 2 of the Dungeon.
You were not hungry.

You visited 1 branch of the dungeon, and saw 2 of its levels.

You collected 49 gold pieces.

Inventory:

Hand Weapons
 c - a +0 dagger (weapon)
 h - a +0 dagger
 m - a +0 flail
 n - a +0 dagger
 q - a +0 dagger
 t - a +2 hand axe of electrocution
Missiles
 p - 33 stones (quivered)
Armour
 a - a +0 robe
 b - a +0 hat (worn)
 u - a +0 leather armour of cold resistance
 v - a +0 robe (worn)
Jewellery
 g - a +3 ring of protection (left hand)
 w - a ring of wizardry (right hand)
Scrolls
 i - 2 scrolls of identify {unknown}
 l - 3 scrolls of teleportation
 o - 2 scrolls of immolation {unknown}
 r - a scroll of blinking {unknown}
Potions
 e - 2 potions of curing {unknown}
 j - a potion of brilliance {unknown}
 k - a potion of invisibility {unknown}
 s - 2 potions of might {unknown}
Comestibles
 d - 4 rations
 f - 7 chunks of flesh


   Skills:
 + Level 0.7 Short Blades
 + Level 1.8 Dodging
 + Level 3.6 Stealth
 + Level 3.8 Spellcasting
 + Level 1.1 Conjurations
 + Level 1.0 Summonings
 + Level 1.0 Translocations


You had 4 spell levels left.
You knew the following spells:

 Your Spells              Type           Power        Failure   Level  Hunger
a - Magic Dart            Conj           #...         3%          1    None
b - Call Imp              Summ           #.......     6%          2    ##.....
c - Blink                 Tloc           N/A          6%          2    ##.....

Your spell library contained the following spells:

 Spells                   Type           Power        Failure   Level  Hunger
 Slow                     Hex            #.......     9%          2    ##.....
 Conjure Flame            Conj/Fire      #.......     13%         3    ###....
 Mephitic Cloud           Conj/Pois/Air  #.......     14%         3    ###....


Dungeon Overview and Level Annotations

Branches:
Dungeon (2/15)

Altars:


Innate Abilities, Weirdness & Mutations

You cannot wear boots.
Your serpentine skin is tough. (AC +1)
You have supernaturally acute eyesight. (SInv)
Armour fits poorly on your strangely shaped body.
Your system is resistant to poisons. (rPois)
You cover ground very slowly.
You have a slow metabolism.
You can spit poison.


Message History

The magic dart hits the iguana but does no damage.
The iguana is heavily wounded.
Casting: Magic Dart (safe; 3% risk of failure)
Confirm with . or Enter, or press ? or * to list all spells.
You don't have enough magic to cast that spell.
You closely miss the iguana.
The iguana is heavily wounded.
You hit the iguana but do no damage.
The iguana is heavily wounded.
The iguana bites you.
You hit the iguana.
The iguana is severely wounded.
The iguana bites you!
You barely miss the iguana.
The iguana is severely wounded.
The iguana barely misses you.
You hit the iguana but do no damage.
The iguana is severely wounded.
The iguana bites you!
You die...

#########
##...#...##
##......$..##
#...@l......#
#...........#
#...........# ..
............## ...
#####.......#####
... ##.<.
####........# ...
....#
####........####...
....
.......รท...........
...
####.....#####.....


You could see an iguana.

Vanquished Creatures
  A gnoll (D:1)
  An adder (D:2)
  A dart slug (D:1)
  3 ball pythons (D:1)
  2 goblins (D:1)
  2 hobgoblins (D:1)
  2 kobolds (D:1)
  A quokka (D:2)
  5 bats
  3 frilled lizards
  6 rats
27 creatures vanquished.

Notes
Turn   | Place    | Note
-------+----------+-------------------------------------------
     0 | D:1      | Forecaster the Naga Wizard began the quest for the Orb.
     0 | D:1      | Reached XP level 1. HP: 15/15 MP: 4/4
   355 | D:1      | Reached XP level 2. HP: 21/22 MP: 4/6
   545 | D:1      | Reached XP level 3. HP: 28/28 MP: 4/8
   859 | D:1      | Learned a level 2 spell: Call Imp
   862 | D:1      | Learned a level 2 spell: Blink
  1057 | D:2      | Slain by an iguana

Levels and vault maps discovered:
D:1:      psy_arrival_wood_between_worlds, layout_loops_corners
D:2:      layout_rooms, lemuel_doored_altar, nicolae_overflow_hidden_temple

Action                   || total
-------------------------++-------
Melee: Dagger            ||    43
       Unarmed           ||     1
 Cast: Magic Dart        ||    56
       Blink             ||     1
       Call Imp          ||     1
  Use: Scroll            ||     1
Armor: Robe              ||    13
Dodge: Dodged            ||    26

Table legend:
 A = Non-vault XP
 B = Vault XP
 C = Vault XP percentage of total XP
 D = Non-vault monster count
 E = Vault monster count
 F = Vault count percentage of total count
                 A         B        C        D         E       F
            +---------+---------+-------+---------+---------+-------
      Total |      65 |       0 |   0.0 |      27 |       0 |   0.0
            +---------+---------+-------+---------+---------+-------
        D:1 |      45 |       0 |   0.0 |      20 |       0 |   0.0
        D:2 |      20 |       0 |   0.0 |       7 |       0 |   0.0
            +---------+---------+-------+---------+---------+-------
